 Dungeon Crawl Stone Soup version 0.22.1-2-g9c5b331383 (webtiles) character file.

764 Freyura the Conjurer (level 7, -3/51 HPs)
             Began as a Gnoll Conjurer on Dec 8, 2018.
             Slain by a sky beast (4 damage)
             ... on level 5 of the Dungeon.
             The game lasted 00:17:29 (4354 turns).

Freyura the Conjurer (Gnoll Conjurer)               Turns: 4354, Time: 00:17:29

Health: -3/51      AC: 10    Str: 10    XL:     7   Next: 81%
Magic:  6/15       EV: 16    Int: 20    God:
Gold:   143        SH:  0    Dex: 20    Spells: 10/17 levels left

rFire    . . .     SeeInvis .   a - staff of wizardry
rCold    . . .     Gourm    .   (no shield)
rNeg     . . .     Faith    .   t - +2 robe {Archmagi}
rPois    .         Spirit   .   g - +0 helmet
rElec    .         Reflect  .   r - +2 cloak
rCorr    .         Harm     .   h - +0 pair of gloves
MR       +....                  i - +0 pair of boots
Stlth    +++.......             (no amulet)
HPRegen  0.17/turn              e - ring of protection from magic
MPRegen  0.14/turn              k - +5 ring of dexterity

@: no status effects
A: distributed training, fangs 1, strong nose
a: no special abilities


You were on level 5 of the Dungeon.
You were not hungry.

You visited 1 branch of the dungeon, and saw 5 of its levels.

You collected 143 gold pieces.

Inventory:

Hand Weapons
 p - a +2 rapier
Armour
 b - a scarf of resistance
 g - a +0 helmet (worn)
 h - a +0 pair of gloves (worn)
 i - a +0 pair of boots (worn)
 r - a +2 cloak (worn)
 t - a +2 robe of the Archmagi (worn)
Magical Staves
 a - an uncursed staff of wizardry (weapon)
Jewellery
 e - a ring of protection from magic (left hand)
 k - a +5 ring of dexterity (right hand)
Scrolls
 f - 3 scrolls of fog
 j - a scroll of fear
 o - 2 scrolls of teleportation
 q - a scroll of remove curse
 s - 2 scrolls of amnesia
 u - a scroll of magic mapping {unknown}
 v - a scroll of identify
Potions
 d - a potion of agility {unknown}
 l - a potion of might {unknown}
 m - a potion of berserk rage {unknown}
 n - a potion of haste {unknown}
Comestibles
 c - 5 rations


   Skills:
 + Level 2.6 Fighting
 + Level 2.6 Short Blades
 + Level 2.6 Long Blades
 + Level 2.6 Axes
 + Level 2.6 Maces & Flails
 + Level 2.6 Polearms
 + Level 2.6 Staves
 + Level 2.6 Slings
 + Level 2.6 Bows
 + Level 2.6 Crossbows
 + Level 2.6 Throwing
 + Level 2.6 Armour
 + Level 5.3 Dodging
 + Level 5.0 Stealth
 + Level 2.6 Shields
 + Level 2.6 Unarmed Combat
 + Level 5.7 Spellcasting
 + Level 7.4 Conjurations
 + Level 2.1 Hexes
 + Level 2.1 Charms
 + Level 2.1 Summonings
 + Level 2.1 Necromancy
 + Level 2.1 Translocations
 + Level 2.1 Transmutations
 + Level 2.1 Fire Magic
 + Level 2.1 Ice Magic
 + Level 2.1 Air Magic
 + Level 2.1 Earth Magic
 + Level 2.1 Poison Magic
 + Level 3.0 Invocations
 + Level 2.6 Evocations


You had 10 spell levels left.
You knew the following spells:

 Your Spells              Type           Power        Failure   Level  Hunger
a - Magic Dart            Conj           ####         1%          1    None
b - Searing Ray           Conj           ######       1%          2    None
c - Iskenderun's Mystic   Conj           ######..     1%          4    ####...

Your spell library contained the following spells:

 Spells                   Type           Power        Failure   Level  Hunger
 Dazzling Spray           Conj/Hex       #####.       1%          3    ##.....
 Force Lance              Conj/Tloc      #####...     6%          4    ####...
 Fulminant Prism          Conj/Hex       #####.....   6%          4    ####...


Dungeon Overview and Level Annotations

Branches:
Dungeon (5/15)
 Temple: D:4-7

Altars:
Gozag

Annotations:
D:5 Eustachio


Innate Abilities, Weirdness & Mutations

Your experience applies equally to all skills.
You have very sharp teeth.
Your uncanny sense of smell can sniff out nearby items.


Message History

You hit the river rat but do no damage.
The river rat is almost dead.
The river rat closely misses you. Something hits you.
* * * LOW HITPOINT WARNING * * *
Something shocks you.
* * * LOW HITPOINT WARNING * * *
You hit the river rat.
You kill the river rat!
The river rat's corpse disappears in a puff of smoke!
Something hits you but does no damage.
You hit the rat but do no damage. The rat misses you.
Something hits you but does no damage.
Eustachio gestures wildly while chanting.
Eustachio blinks!
You hit the rat but do no damage. You bite the rat.
The rat is heavily wounded.
The rat bites you.
* * * LOW HITPOINT WARNING * * *
Something hits you.
You die...

.###.### #.# .#.....#
#.# .#.###.#########
#.# ...# #.........#
#.#
##.###.#.###.#.######.#
#.....#.# ........#
####.###.# ......{.#
[....# #.############$#
###### #..r@5r5r@{....#
################


You could see Eustachio, 2 quasits, 2 river rats and a rat.

Vanquished Creatures
  Prince Ribbit (D:5)
  A sky beast (D:4)
  A scorpion (D:4)
  A crimson imp (D:5)
  2 hounds
  An orc priest (D:4)
  A quasit (D:4)
  Crazy Yiuf (D:3)
  A bullfrog skeleton (D:5)
  An orc wizard (D:4)
  Jessica (D:3)
  7 adders
  A howler monkey skeleton (D:4)
  2 oozes
  2 worms
  3 dart slugs
  2 leopard geckos
  6 orcs
  4 bats
  5 giant cockroaches
  2 goblins (D:3)
  13 hobgoblins
  3 ball pythons
  A frilled lizard (D:2)
  5 kobolds
  A quokka skeleton (D:4)
  8 rats
77 creatures vanquished.

Notes
Turn   | Place    | Note
-------+----------+-------------------------------------------
     0 | D:1      | Freyura the Gnoll Conjurer began the quest for the Orb.
     0 | D:1      | Reached XP level 1. HP: 13/13 MP: 6/6
   119 | D:1      | Reached XP level 2. HP: 19/19 MP: 1/7
  1015 | D:2      | Reached XP level 3. HP: 25/25 MP: 3/9
  1088 | D:2      | Reached skill level 5 in Spellcasting
  1273 | D:2      | Reached skill level 1 in Invocations
  1317 | D:2      | Learned a level 2 spell: Searing Ray
  1406 | D:2      | Reached skill level 1 in Fighting
  1406 | D:2      | Reached skill level 1 in Short Blades
  1406 | D:2      | Reached skill level 1 in Long Blades
  1406 | D:2      | Reached skill level 1 in Axes
  1406 | D:2      | Reached skill level 1 in Maces & Flails
  1406 | D:2      | Reached skill level 1 in Polearms
  1406 | D:2      | Reached skill level 1 in Staves
  1406 | D:2      | Reached skill level 1 in Slings
  1406 | D:2      | Reached skill level 1 in Bows
  1406 | D:2      | Reached skill level 1 in Crossbows
  1406 | D:2      | Reached skill level 1 in Throwing
  1406 | D:2      | Reached skill level 1 in Armour
  1406 | D:2      | Reached skill level 1 in Shields
  1406 | D:2      | Reached skill level 1 in Unarmed Combat
  1406 | D:2      | Reached skill level 1 in Evocations
  1462 | D:2      | Reached XP level 4. HP: 32/32 MP: 8/11
  2170 | D:3      | Reached skill level 1 in Hexes
  2170 | D:3      | Reached skill level 1 in Charms
  2170 | D:3      | Reached skill level 1 in Summonings
  2170 | D:3      | Reached skill level 1 in Necromancy
  2170 | D:3      | Reached skill level 1 in Translocations
  2170 | D:3      | Reached skill level 1 in Transmutations
  2170 | D:3      | Reached skill level 1 in Fire Magic
  2170 | D:3      | Reached skill level 1 in Ice Magic
  2170 | D:3      | Reached skill level 1 in Air Magic
  2170 | D:3      | Reached skill level 1 in Earth Magic
  2170 | D:3      | Reached skill level 1 in Poison Magic
  2353 | D:3      | Reached XP level 5. HP: 37/37 MP: 5/12
  2552 | D:3      | Noticed Jessica
  2557 | D:3      | Killed Jessica
  2659 | D:3      | Found a runed door.
  2663 | D:3      | Noticed Crazy Yiuf
  2668 | D:3      | Killed Crazy Yiuf
  2747 | D:4      | Reached XP level 6. HP: 42/44 MP: 6/13
  2852 | D:4      | Reached skill level 5 in Dodging
  2976 | D:4      | Learned a level 4 spell: Iskenderun's Mystic Blast
  3279 | D:4      | Found an opulent altar of Gozag.
  3697 | D:5      | Entered Level 5 of the Dungeon
  3737 | D:5      | Noticed Prince Ribbit
  3749 | D:5      | Noticed a sky beast
  3750 | D:5      | Killed Prince Ribbit
  3750 | D:5      | Reached XP level 7. HP: 38/51 MP: 1/15
  4154 | D:5      | Reached skill level 5 in Stealth
  4291 | D:5      | Noticed Eustachio
  4351 | D:5      | HP: 2/51 [something (5)]
  4354 | D:5      | Slain by a sky beast

Skill      XL: |  1  2  3  4  5  6  7 |
---------------+----------------------+-----
Spellcasting   | 5 |  5.7
Invocations    | 1 2 3 |  3.0
Fighting       | 1 2 |  2.6
Short Blades   | 1 2 |  2.6
Long Blades    | 1 2 |  2.6
Axes           | 1 2 |  2.6
Maces & Flails | 1 2 |  2.6
Polearms       | 1 2 |  2.6
Staves         | 1 2 |  2.6
Slings         | 1 2 |  2.6
Bows           | 1 2 |  2.6
Crossbows      | 1 2 |  2.6
Throwing       | 1 2 |  2.6
Armour         | 1 2 |  2.6
Shields        | 1 2 |  2.6
Unarmed Combat | 1 2 |  2.6
Evocations     | 1 2 |  2.6
Hexes          | 1 2 |  2.1
Charms         | 1 2 |  2.1
Summonings     | 1 2 |  2.1
Necromancy     | 1 2 |  2.1
Translocations | 1 2 |  2.1
Transmutations | 1 2 |  2.1
Fire Magic     | 1 2 |  2.1
Ice Magic      | 1 2 |  2.1
Air Magic      | 1 2 |  2.1
Earth Magic    | 1 2 |  2.1
Poison Magic   | 1 2 |  2.1
Dodging        | 5 |  5.3
Stealth        | 5 |  5.0
Conjurations   | |  7.4

Action                   |  1- 3 |  4- 6 |  7- 9 || total
-------------------------+-------+-------+-------++-------
Melee: Unarmed           |     8 |       |       ||     8
       Bite              |     1 |     2 |     4 ||     7
       Rapier            |       |     9 |       ||     9
       Staff             |       |     7 |    27 ||    34
 Cast: Magic Dart        |    57 |    98 |    38 ||   193
       Searing Ray       |       |     3 |     1 ||     4
       Iskenderun's Myst |       |     1 |       ||     1
  Use: Scroll            |     5 |     6 |       ||    11
  Eat: Ration            |     2 |     2 |       ||     4
Armor: Robe              |     1 |    10 |    19 ||    30
Dodge: Dodged            |    10 |    27 |    34 ||    71
